 Dungeon Crawl Stone Soup version bcrawl-1.37.2 (webtiles) character file.

Game seed: 16252772536003300758

14762255 yrara the Severer (level 18, -5/149 HPs)
             Began as a Demonspawn Fighter on Nov 3, 2022.
             Was an Initiate of Gozag.
             Slain by a +6 scimitar of holy wrath (13 damage)
             ... animated by Zenata
             ... on level 1 of the Vaults.
             The game lasted 00:36:02 (26626 turns).

yrara the Severer (Demonspawn Fighter)             Turns: 26626, Time: 00:36:02

Health: -5/149     AC: 26    Str: 32    XL:     18   Next: 40%
Magic:  18/18      EV: 17    Int: 14    God:    Gozag
Gold:   1851       SH:  0    Dex: 24    Spells: 17/17 levels left

rFire    + . .     GDR:     42% a - +6 battleaxe (elec)
rCold    + . .     SeeInvis .   (shield currently unavailable)
rNeg     . . .     Gourm    .   M - +4 crystal plate armour
rPois    .         Faith    .   (helmet unavailable)
rElec    .         Spirit   .   f - scarf {clouds}
rCorr    .         Reflect  .   (gloves unavailable)
MR       +....                  (no boots)
Stlth    ..........             m - amulet of the acrobat
HPRegen  0.34/turn              h - ring "Buhegiwn" {rF+ Str+7 Int+4}
MPRegen  0.16/turn              i - +6 ring of evasion

@: mighty, agile, gold aura
A: claws 3, hooves 2, horns 3, agile 1, cold resistance 1, demonic guardian 2,
powered by death 2, screaming 1, spiny 1, augmentation 1
}: 2/15 runes: decaying, serpentine
a: Potion Petition, Call Merchant, Bribe Branch, Renounce Religion, Evoke Fog


You were on level 1 of the Vaults.
You worshipped Gozag.
Gozag was most pleased with you.
You were not hungry.

You visited 8 branches of the dungeon, and saw 28 of its levels.
You visited the Abyss 1 time.
You also visited: Trove, Sewer and Ice Cave.

You collected 14602 gold pieces.
You spent 2818 gold pieces at shops.
You paid 9933 gold pieces to Gozag.

Inventory:

Hand Weapons
 a - a +6 battleaxe of electrocution (weapon)
 b - a +2 longbow of flaming
 u - a +5 dire flail of freezing
Missiles
 g - 3854 arrows
Armour
 f - a scarf of clouds (worn)
 o - the +8 chain mail of Ru's Approval {-Cast Int+3 Dex+4}
   (You found it on level 2 of the Abyss)

   It affects your intelligence (+3).
   It affects your dexterity (+4).
   It prevents spellcasting.
 q - a scarf of resistance
 M - a +4 crystal plate armour (worn)
Jewellery
 c - an uncursed ring of protection from fire
 h - the ring "Buhegiwn" (left claw) {rF+ Str+7 Int+4}
   (You bought it in a shop on level 7 of the Dungeon)

   [ring of protection from fire]

   It affects your strength (+7).
   It affects your intelligence (+4).
   It protects you from fire.
 i - a +6 ring of evasion (right claw)
 m - an amulet of the acrobat (around neck)
 y - an uncursed ring of see invisible
 I - an uncursed ring of resist corrosion
 V - an uncursed ring of protection from cold
 X - the ring "Vel Piar" {rElec Stlth+}
   (You found it in a treasure trove)

   [ring of insulation]

   It insulates you from electricity.
   It makes you more stealthy.
Wands
 x - a wand of clouds (12)
 z - a wand of flame (56)
 C - a wand of iceblast (20)
 D - a wand of polymorph (21)
 E - a wand of paralysis (19)
 N - a wand of acid (16)
 U - a wand of scattershot (4)
Scrolls
 n - 16 scrolls of teleportation
 t - 3 scrolls of fear
 H - a scroll of magic mapping
 J - a scroll of brand weapon
 K - 4 scrolls of fog
 Q - a scroll of blinking
 W - 12 scrolls of remove curse
Potions
 d - 6 potions of might
 j - 15 potions of curing
 k - 6 potions of flight
 l - 4 potions of invisibility
 r - 5 potions of haste
 s - 2 potions of mutation
 A - 4 potions of brilliance
 G - a potion of cancellation
 L - 2 potions of berserk rage
 O - 3 potions of agility
 Y - a potion of magic
 Z - a potion of ambrosia
Comestibles
 e - 36 rations {!d}


   Skills:
 + Level 15.5 Fighting
 * Level 19.1 Axes
 * Level 16.0 Bows
 + Level 12.6 Armour
   Level 2.6 Shields


You had 17 spell levels left.
You didn't know any spells.
Your spell library contained the following spells:

 Spells                   Type           Power        Failure   Level  Hunger
 Beastly Appendage        Tmut           #.....       99%         1    None
 Infusion                 Chrm           #.......     99%         1    None
 Magic Dart               Conj           #...         99%         1    None
 Necrotize                Necr           #.....       99%         1    None
 Slow                     Hex            #.......     99%         1    None
 Summon Small Mammal      Summ           #...         99%         1    None
 Blink                    Tloc           N/A          100%        2    ####...
 Call Imp                 Summ           #.....       100%        2    ####...
 Ensorcelled Hibernation  Hex/Ice        #.....       100%        2    ####...
 Passwall                 Tmut/Erth      #.......     100%        2    ####...
 Song of Slaying          Chrm           #.......     100%        2    ####...
 Sticks to Snakes         Tmut           #.......     100%        2    ####...
 Swiftness                Chrm/Air       #.......     100%        2    ####...
 Call Canine Familiar     Summ           #.......     100%        3    #####..
 Confuse                  Hex            #.......     100%        3    #####..
 Conjure Flame            Conj/Fire      #.......     100%        3    #####..
 Dazzling Orbs            Conj/Hex       #......      100%        3    #####..
 Mephitic Cloud           Conj/Pois/Air  #.......     100%        3    #####..
 Ozocubu's Armour         Chrm/Ice       #.......     100%        3    #####..
 Regeneration             Chrm/Necr      #.........   100%        3    #####..
 Spectral Weapon          Hex/Chrm       #.......     100%        3    #####..
 Spider Form              Tmut/Pois      #..          100%        3    #####..
 Tukima's Dance           Hex            #.......     100%        3    #####..
 Vampiric Draining        Necr           #.........   100%        3    #####..
 Agony                    Necr           #.......     100%        4    ######.
 Animate Dead             Necr           N/A          100%        4    ######.
 Cause Fear               Hex            #.........   100%        4    ######.
 Ice Form                 Ice/Tmut       #.......     100%        4    ######.
 Summon Ice Beast         Ice/Summ       #.......     100%        4    ######.
 Blade Hands              Tmut           #.........   100%        5    #######
 Bolt of Draining         Conj/Necr      #.........   100%        5    #######
 Dispel Undead            Necr           #.......     100%        5    #######
 Summon Lightning Spire   Summ/Air       #.......     100%        5    #######
 Bolt of Cold             Conj/Ice       #.........   100%        6    #######
 Iron Shot                Conj/Erth      #.........   100%        6    #######
 Poison Arrow             Conj/Pois      #.........   100%        6    #######


Dungeon Overview and Level Annotations

Branches:
Dungeon (12/12)            Temple (1/1) D:7            Lair (6/6) D:9
  Swamp (3/3) Lair:3        Snake (3/3) Lair:3        Slime (0/5) Lair:6
    Orc (1/1) D:11            Elf (1/3) Orc          Vaults (1/3) D:11
 Depths (0/5) D:12
  Crypt: Vaults:1-2

Altars:
Dithmenos
Fedhas
Gozag
Hepliaklqana
Kikubaaqudgha
Nemelex Xobeh
Qazlal
Ru
Sif Muna
Vehumet
Xom
Yredelemnul
Jiyva

Shops:
D:4 *   D:5 !   D:6 :   D:7 [(=   D:9 [(   D:10 [   D:11 ((   D:12 ?
Orc !((=(   Lair:3 [((   Lair:4 !   Snake:1 =

Annotations:
Vaults:1 Zenata


Innate Abilities, Weirdness & Mutations

You have claws for hands.
You have hoof-like feet.
You have a pair of large horns on your head.
A demonic guardian rushes to your aid.
You regenerate health from kills.
You are partially covered in sharp spines.
Your magical and physical power is slightly enhanced at high health.
You are agile. (Dex +2)
Your flesh is cold resistant. (rC+)
You occasionally shout uncontrollably at your foes.


Message History

[a] - 0 gold - heal wounds [b] - 0 gold - flight, agility and invisibility [c] - 0 gold - might, agility and heal wounds Purchase which effect?
You feel very mighty all of a sudden.
You feel agile all of a sudden.
You feel much better.
The +2 halberd of pain is struck by your spines.
The +2 halberd of pain hits you but does no damage.
The +0 battleaxe of electrocution is struck by your spines.
The +0 battleaxe of electrocution misses you.
The +0 battleaxe of electrocution barely misses your ice devil.
The +3 battleaxe of freezing hits you.
* * * LOW HITPOINT WARNING * * *
Zenata hits you with a +2 bardiche of protection!
* * * LOW HITPOINT WARNING * * *
The +2 halberd of pain hits you!
* * * LOW HITPOINT WARNING * * *
The +6 scimitar of holy wrath hits you!
You die...
Your body crumbles into a pile of gold.

.. ... ##
##'########### ..
.............# ..
.............+ ..
........^4...# ..
......a.(....# ..
......(@(....# ..
......(..$...# ..
###############...# ##
#....)........#...#
..#.#.###.###.###.#...#
###.#.#u#.#p#.#F#.#...#
#.#.###.###.###.#...#
#.#.............#...#
#.############''#...#


You could see Zenata, 4 dancing weapons and a friendly ice devil.

Vanquished Creatures
  An acid blob (Lair:6)
  2 tentacled starspawn (Abyss:2)
  6 nagarajas
  A ghost moth (Abyss:2)
  An ironheart preserver (Vaults:1)
  The ghost of Lutiheq the Grappler, a journeyman DrTm of Wu Jian (Lair:4)
  3 dire elephants (Vaults:1)
  A deep elf demonologist (Vaults:1)
  A deep elf annihilator (Vaults:1)
  2 fire dragons
  A yaktaur captain (Vaults:1)
  20 hydras
  4 rakshasas
  An ice dragon (Lair:6)
  2 ghost crabs (Swamp:1)
  14 naga warriors
  13 anacondas
  3 shambling mangroves
  An alligator (shapeshifter) (D:11)
  4 two-headed ogres
  An ogre mage (Vaults:1)
  7 death yaks (Lair:6)
  2 alligators (Swamp:2)
  5 orc high priests (Orc)
  An ironheart beastmaster (Vaults:1)
  3 shock serpents
  8 naga sharpshooters
  3 wretched stars (Abyss:2)
  3 spriggans
  3 deep elf knights (Vaults:1)
  5 salamander mystics
  A fire crab (Lair:4)
  A goliath frog (Lair:6)
  A sixfirhy (Abyss:2)
  12 swamp dragons
  5 spriggan druids
  3 unseen horrors
  A flayed ghost (Abyss:2)
  5 naga ritualists
  2 cyclopes (Vaults:1)
  2 wolf spider zombies (D:9)
  3 deep elf archers (Vaults:1)
  5 lindwurms
  15 mana vipers
  An ironheart convoker (Vaults:1)
  A manticore (Lair:6)
  12 deep elf magi
  An ugly thing (D:12)
  An oklob plant (Lair:3)
  9 salamanders
  22 black mambas
  6 guardian serpents (Snake:3)
  5 elephants (Lair:5)
  A worldbinder (Abyss:2)
  3 torpor snails (Lair:6)
  2 ice statues (IceCv)
  A gargoyle (D:10)
  15 naga magi
  5 cane toads
  4 rime drakes
  A tormentor (Abyss:2)
  3 flying skulls (Abyss:2)
  A kobold demonologist (D:11)
  3 komodo dragons
  A hellion (Abyss:2)
  4 ice devils (IceCv)
  An efreet (Abyss:1)
  A yaktaur (D:12)
  2 eyes of draining
  An ancient zyme (Abyss:2)
  2 hellwings (Abyss:2)
  3 trolls
  2 polar bears (Lair:3)
  A hornet (shapeshifter) (D:11)
  12 tyrant leeches
  17 hornets
  2 harpy skeletons (D:11)
  3 raiju (Abyss:2)
  9 bog bodies
  21 blink frogs
  23 slime creatures
  5 hippogriffs
  5 dream sheep (Lair:6)
  2 meliai zombies
  A wyvern (Lair:5)
  A shadow (D:10)
  3 wraiths
  A water elemental (Elf:1)
  27 yaks
  A human (D:10)
  4 basilisks
  2 golden eyes (shapeshifter)
  3 hogs (D:10)
  A human simulacrum (Vaults:1)
  A large abomination (Abyss:2)
  A neqoxec (Abyss:2)
  17 vampire mosquitoes
  Menkaure (D:4)
  27 nagas
  An acid dragon (Lair:6)
  11 swamp worms
  8 wargs
  12 crocodiles
  8 water moccasins
  13 swamp drakes
  7 porcupines
  13 orc warriors
  3 black bears
  A soldier ant (D:10)
  3 ice beasts (Lair:1)
  A sky beast (D:5)
  A phantom (D:8)
  4 ogres
  3 boggarts (D:11)
  28 wolves (Lair:6)
  13 bullfrogs
  2 kobold brigands
  An elf zombie (D:7)
  A gnoll sergeant (D:11)
  3 small abominations
  A centaur (D:9)
  2 wyvern skeletons (D:9)
  3 scorpions
  11 killer bees
  9 wights
  5 howler monkeys
  8 electric eels
  33 orc priests
  7 crimson imps
  A bullfrog zombie (D:6)
  5 hounds
  2 bullfrog skeletons
  Crazy Yiuf (D:4)
  2 human zombies (D:7)
  6 jellies
  16 orc wizards
  5 iguanas
  A human skeleton (D:7)
  2 troll simulacra (IceCv)
  9 worker ants
  A spriggan simulacrum (IceCv)
  A hound zombie (D:5)
  A hound skeleton (D:9)
  3 mummies (D:7)
  4 worker ant zombies
  4 gnolls (D:11)
  8 adders
  A howler monkey skeleton (D:3)
  2 river rats
  3 naga simulacra (IceCv)
  2 ogre simulacra (IceCv)
  3 shadow imps
  2 centaur simulacra (IceCv)
  An ooze (D:4)
  4 worms
  7 leopard geckos
  76 orcs
  4 ball pythons
  5 giant cockroaches
  7 goblins
  5 hobgoblins
  7 jackals
  22 kobolds
  4 quokkas
  5 bats
  5 frilled lizards
  An orc zombie (D:7)
  A quokka skeleton (D:4)
  15 rats
  2 fungi
  18 plants
  2 starspawn tentacles (Abyss:2)
976 creatures vanquished.

Vanquished Creatures (collateral kills)
  2 nagarajas (Snake:3)
  Donald (Orc)
  A fire giant (D:12)
  An ironheart preserver (Vaults:1)
  4 hydras
  A naga warrior (Snake:1)
  A shambling mangrove (Swamp:1)
  2 two-headed ogres
  3 death yaks (Lair:6)
  3 naga sharpshooters (Snake:3)
  A deep elf knight (Elf:1)
  2 salamander mystics (Snake:3)
  A cyclops (Orc)
  A lindwurm (Lair:6)
  An ugly thing (D:10)
  A necromancer (IceCv)
  A deep elf mage (Vaults:1)
  A deep elf archer (Vaults:1)
  A mana viper (Snake:2)
  A faun (Lair:6)
  An elephant (Lair:5)
  A black mamba (Snake:2)
  2 torpor snails (Lair:6)
  A naga mage (Snake:3)
  A rime drake (Lair:6)
  A cane toad (Lair:1)
  An ice devil (IceCv)
  A meliai (D:9)
  A troll (D:9)
  A hornet (Lair:6)
  5 blink frogs
  2 slime creatures
  3 dream sheep (Lair:6)
  2 spriggans (Swamp:2)
  6 yaks
  A naga (Snake:3)
  2 crocodiles
  A porcupine (Lair:1)
  7 ice beasts
  A sky beast (D:7)
  2 orc warriors (D:9)
  4 wolves (Lair:6)
  2 bullfrogs
  2 kobold brigands
  2 centaurs
  A scorpion (D:6)
  A wight (D:7)
  5 orc priests
  A hound (D:5)
  A jelly (Lair:4)
  A bullfrog skeleton (D:3)
  An adder (D:9)
  A river rat (D:6)
  10 orcs (Orc)
  A giant cockroach (D:3)
  A kobold (Sewer)
107 creatures vanquished.

Vanquished Creatures (others)
  A dancing weapon (Elf:1)
  A dart slug (D:2)
  A goblin (D:2)
  15 fungi
  12 plants
  3 starspawn tentacles (Abyss:2)
33 creatures vanquished.

Grand Total: 1116 creatures vanquished

Notes
Turn   | Place    | Note
-------+----------+-------------------------------------------
     0 | D:1      | yrara the Demonspawn Fighter began the quest for the Orb.
     0 | D:1      | Reached XP level 1. HP: 18/18 MP: 1/1
   120 | D:1      | Reached skill level 2 in Axes
   201 | D:1      | Gained mutation: A weak demonic guardian rushes to your
                  | aid. [demonic ancestry]
   201 | D:1      | Reached XP level 2. HP: 16/24 MP: 2/2
   786 | D:2      | Gained mutation: You have a pair of small horns on your
                  | head. [demonic ancestry]
   786 | D:2      | Reached XP level 3. HP: 29/29 MP: 3/3
   822 | D:2      | Found a sparkling altar of Nemelex Xobeh.
  1117 | D:2      | Found a hazy altar of Hepliaklqana.
  1276 | D:2      | Reached skill level 3 in Axes
  1371 | D:2      | Found a stormy altar of Qazlal.
  1537 | D:3      | Gained mutation: You have a pair of horns on your head.
                  | [demonic ancestry]
  1537 | D:3      | Reached XP level 4. HP: 33/35 MP: 4/4
  1654 | D:3      | Noticed an ice beast
  1677 | D:3      | Killed an ice beast
  1678 | D:3      | Reached XP level 5. HP: 42/42 MP: 5/5
  2257 | D:3      | Reached skill level 4 in Axes
  2294 | D:3      | Gained mutation: You regenerate a little health from kills.
                  | [demonic ancestry]
  2294 | D:3      | Reached XP level 6. HP: 48/48 MP: 6/6
  2417 | D:4      | Found Efiaxoun's Assorted Antiques.
  2428 | D:4      | Bought a murky inky potion for 16 gold pieces
  2428 | D:4      | Bought a scroll labeled AMESIH LYTE for 18 gold pieces
  2428 | D:4      | Bought a scroll labeled CYPREMEUKEF for 18 gold pieces
  2428 | D:4      | Bought a murky inky potion for 16 gold pieces
  2501 | D:4      | Noticed Menkaure
  2580 | D:4      | Killed Menkaure
  2669 | D:4      | Found a runed door.
  2771 | D:4      | Reached skill level 5 in Axes
  2773 | D:4      | Gained mutation: You regenerate health from kills. [demonic
                  | ancestry]
  2773 | D:4      | Reached XP level 7. HP: 19/55 MP: 7/7
  3066 | D:4      | Got a crystal war axe
  3307 | D:4      | Noticed Crazy Yiuf
  3313 | D:4      | Killed Crazy Yiuf
  3315 | D:4      | Identified the cursed +0 war axe of Exhibitionism {venom,
                  | rN+} (You found it on level 4 of the Dungeon)
  3425 | D:5      | Entered Level 5 of the Dungeon
  3433 | D:5      | Reached skill level 5 in Fighting
  3519 | D:5      | Reached skill level 1 in Bows
  3624 | D:5      | Reached skill level 6 in Axes
  3624 | D:5      | Gained mutation: You have a pair of large horns on your
                  | head. [demonic ancestry]
  3624 | D:5      | Reached XP level 8. HP: 45/63 MP: 8/8
  3731 | D:5      | Found Lesafun's Distillery.
  3739 | D:5      | Bought a potion of heal wounds for 65 gold pieces
  3739 | D:5      | Bought a potion of heal wounds for 65 gold pieces
  4014 | D:5      | Found a shadowy altar of Dithmenos.
  4103 | D:5      | Reached skill level 5 in Armour
  4110 | D:5      | Identified a scroll of acquirement
  4193 | D:6      | Found a glowing drain.
  4199 | D:6      | Found a glowing silver altar of Zin.
  4209 | Sewer    | Entered a sewer
  4304 | Sewer    | Found a glowing silver altar of Zin.
  4412 | D:6      | Noticed a hippogriff
  4419 | D:6      | Killed a hippogriff
  4451 | D:6      | Reached skill level 7 in Axes
  4678 | D:6      | Found For Ulot's Book Boutique.
  4825 | D:6      | Noticed a two-headed ogre
  4837 | D:6      | Killed a two-headed ogre
  4838 | D:6      | Gained mutation: You are partially covered in sharp spines.
                  | [demonic ancestry]
  4838 | D:6      | Reached XP level 9. HP: 40/72 MP: 9/9
  5303 | D:7      | Reached skill level 5 in Bows
  5402 | D:7      | Reached skill level 8 in Axes
  5442 | D:7      | Found Neranaj's Jewellery Shop.
  5461 | D:7      | Found a staircase to the Ecumenical Temple.
  5499 | Temple   | Entered the Ecumenical Temple
  5605 | Temple   | Became a worshipper of Gozag Ym Sagoz the Greedy
  5893 | D:7      | Found an ancient bone altar of Kikubaaqudgha.
  5903 | D:7      | Gained mutation: A demonic guardian rushes to your aid.
                  | [demonic ancestry]
  5903 | D:7      | Reached XP level 10. HP: 77/80 MP: 10/10
  6219 | D:8      | Noticed a four-headed hydra
  6222 | D:8      | Killed a four-headed hydra
  6362 | D:8      | Reached skill level 9 in Axes
  6903 | D:8      | Found a sacrificial altar of Ru.
  7143 | D:9      | Noticed a two-headed ogre
  7150 | D:9      | Killed a two-headed ogre
  7268 | D:9      | Gained mutation: You have sharp fingernails. [demonic
                  | ancestry]
  7268 | D:9      | Reached XP level 11. HP: 74/90 MP: 11/11
  7751 | D:9      | Reached skill level 10 in Fighting
  7751 | D:9      | Reached skill level 10 in Axes
  7833 | D:9      | Found a staircase to the Lair.
  7992 | D:9      | Identified the +0 battleaxe "Teosihat" {venom, rPois} (You
                  | acquired it on level 9 of the Dungeon)
  7992 | D:9      | Identified the +1 pair of gloves of Generosity {rPois rF++
                  | Regen+ Stlth-} (You acquired it on level 9 of the Dungeon)
  7992 | D:9      | Identified the amulet "Koar" {Regen *Contam Int+3 Dex+3
                  | SInv} (You acquired it on level 9 of the Dungeon)
  7999 | D:9      | Identified the +3 pair of gloves "Qoalut" {Str+6 Stlth-}
                  | (You acquired it on level 9 of the Dungeon)
  7999 | D:9      | Identified the ring "Dyle" {rPois AC+4 Int+6 Dex-3} (You
                  | acquired it on level 9 of the Dungeon)
  8098 | D:7      | Bought the ring "Buhegiwn" {rF+ Str+7 Int+4} for 771 gold
                  | pieces
  8099 | D:7      | Bought an uncursed ring of resist corrosion for 350 gold
                  | pieces
  8173 | Lair:1   | Entered Level 1 of the Lair of Beasts
  8194 | Lair:1   | Noticed a six-headed hydra
  8205 | Lair:1   | Killed a seven-headed hydra
  8252 | Lair:1   | Found a frozen archway.
  8316 | IceCv    | Entered an ice cave
  8774 | IceCv    | Noticed a necromancer
  8782 | IceCv    | Killed a necromancer
  8783 | IceCv    | Reached skill level 11 in Axes
  8795 | IceCv    | Got a faintly humming scale mail
  8966 | Lair:1   | Gained mutation: You have very sharp fingernails. [demonic
                  | ancestry]
  8966 | Lair:1   | Reached XP level 12. HP: 86/100 MP: 12/12
  9104 | Lair:1   | Got an ivory short sword
  9345 | Lair:1   | Found a blossoming altar of Fedhas.
  9857 | Lair:2   | Reached skill level 10 in Bows
 10585 | Lair:3   | Found a staircase to the Snake Pit.
 10794 | Lair:3   | Found a staircase to the Swamp.
 10835 | Lair:3   | Reached skill level 12 in Axes
 11284 | Lair:4   | Noticed a six-headed hydra
 11295 | Lair:4   | Killed a seven-headed hydra
 11542 | Lair:4   | Got a bloodstained glaive
 11543 | Lair:4   | Found a runed translucent gate.
 11544 | Lair:4   | Found a runed translucent gate.
 11545 | Lair:4   | Found a runed translucent gate.
 11546 | Lair:4   | Noticed Lutiheq's ghost (journeyman DrTm)
 11700 | Lair:4   | Gained mutation: You have large cloven feet. [demonic
                  | ancestry]
 11700 | Lair:4   | Reached XP level 13. HP: 109/109 MP: 13/13
 12036 | Lair:4   | Found a viscous altar of Jiyva.
 12065 | Lair:4   | Killed Lutiheq's ghost
 12114 | Lair:4   | Gained mutation: You have an increased reservoir of magic.
                  | (+10% MP) [potion of mutation]
 12114 | Lair:4   | Gained mutation: Armour fits poorly on your strangely
                  | shaped body. [potion of mutation]
 12114 | Lair:4   | Gained mutation: Your flesh is cold resistant. (rC+)
                  | [potion of mutation]
 12114 | Lair:4   | Gained mutation: Your spells are a little harder to cast,
                  | but a little more powerful. [potion of mutation]
 12115 | Lair:4   | Lost mutation: Your spells are a little harder to cast, but
                  | a little more powerful. [potion of mutation]
 12115 | Lair:4   | Lost mutation: Armour fits poorly on your strangely shaped
                  | body. [potion of mutation]
 12115 | Lair:4   | Lost mutation: You have an increased reservoir of magic.
                  | (+10% MP) [potion of mutation]
 12115 | Lair:4   | Gained mutation: Scrolls take you a little longer to read.
                  | [potion of mutation]
 12115 | Lair:4   | Gained mutation: Your spells are a little harder to cast,
                  | but a little more powerful. [potion of mutation]
 12115 | Lair:4   | Gained mutation: You expend magic power (3 MP) to
                  | strengthen your wands. [potion of mutation]
 12116 | Lair:4   | Lost mutation: Your spells are a little harder to cast, but
                  | a little more powerful. [potion of mutation]
 12116 | Lair:4   | Lost mutation: Scrolls take you a little longer to read.
                  | [potion of mutation]
 12116 | Lair:4   | Lost mutation: Your flesh is cold resistant. (rC+) [potion
                  | of mutation]
 12116 | Lair:4   | Lost mutation: You expend magic power (3 MP) to strengthen
                  | your wands. [potion of mutation]
 12116 | Lair:4   | Gained mutation: You occasionally shout uncontrollably at
                  | your foes. [potion of mutation]
 12116 | Lair:4   | Gained mutation: You are agile. (Dex +2) [potion of
                  | mutation]
 12116 | Lair:4   | Gained mutation: Your flesh is cold resistant. (rC+)
                  | [potion of mutation]
 12119 | Lair:4   | Bought a potion of heal wounds for 75 gold pieces
 12119 | Lair:4   | Bought a potion of heal wounds for 75 gold pieces
 12443 | Lair:6   | Entered Level 6 of the Lair of Beasts
 12466 | Lair:6   | Reached skill level 13 in Axes
 12755 | Lair:6   | Found a runed door.
 12756 | Lair:6   | Found a viscous altar of Jiyva.
 12756 | Lair:6   | Noticed an acid blob
 12758 | Lair:6   | Found a staircase to the Slime Pits.
 12834 | Lair:6   | Reached XP level 14. HP: 17/118 MP: 14/14
 13020 | Lair:6   | Reached skill level 14 in Axes
 13353 | Lair:6   | Found a runed door.
 13435 | Lair:6   | Got an encrusted scale mail
 13707 | Lair:6   | Killed an acid blob
 13708 | Lair:6   | Reached skill level 15 in Axes
 13902 | D:10     | Entered Level 10 of the Dungeon
 14138 | D:10     | Found a runed door.
 14668 | D:10     | Found a roughly hewn altar of Beogh.
 15015 | D:11     | Found a staircase to the Orcish Mines.
 15148 | D:11     | Found a gate to the Vaults.
 15337 | D:11     | Found a portal to a secret trove of treasure.
 15371 | D:11     | Reached skill level 16 in Axes
 15877 | D:5      | Bought a potion of heal wounds for 65 gold pieces
 15877 | D:5      | Bought a potion of heal wounds for 65 gold pieces
 16082 | D:11     | You paid a toll of 10 potions of heal wounds to enter a
                  | treasure trove
 16083 | Trove    | Entered a treasure trove
 16089 | Trove    | Found the +7 captain's cutlass {speed, disarm}
 16091 | Trove    | Got a warped scale mail
 16100 | Trove    | Got a steaming tin ring
 16119 | Trove    | Identified the ring "Vel Piar" {rElec Stlth+} (You found it
                  | in a treasure trove)
 16128 | Trove    | Got a flickering crystal amulet
 16130 | Trove    | Identified the amulet "Ynoibb" {Gourm rN+ Int+5} (You found
                  | it in a treasure trove)
 16169 | D:12     | Entered Level 12 of the Dungeon
 16210 | D:12     | Found a staircase to the Depths.
 16210 | D:12     | Noticed a fire giant
 16236 | D:12     | Killed a fire giant
 16789 | D:12     | Bought a scroll of identify for 34 gold pieces
 16789 | D:12     | Bought a scroll of identify for 34 gold pieces
 16789 | D:12     | Bought a scroll of identify for 34 gold pieces
 16842 | Orc      | Entered the Orcish Mines
 16842 | Orc      | Found a staircase to the Elven Halls.
 16871 | Orc      | Gained mutation: Your magical and physical power is
                  | slightly enhanced at high health. [demonic ancestry]
 16871 | Orc      | Reached XP level 15. HP: 124/124 MP: 15/15
 16877 | Orc      | Reached skill level 10 in Armour
 16916 | Orc      | Noticed Donald
 16929 | Orc      | Killed Donald
 17436 | Orc      | Found a roughly hewn altar of Beogh.
 17552 | Orc      | Found Hukehav's Jewellery Shoppe.
 17552 | Orc      | Found Hukehav's Weapon Boutique.
 17594 | Orc      | Found a roughly hewn altar of Beogh.
 17712 | Orc      | Found Deamean's Distillery.
 17712 | Orc      | Found Duhetyrghua's Antique Weapon Boutique.
 17728 | Orc      | Bought a potion of heal wounds for 70 gold pieces
 17728 | Orc      | Bought a potion of heal wounds for 70 gold pieces
 17728 | Orc      | Bought a potion of heal wounds for 70 gold pieces
 17728 | Orc      | Bought a potion of heal wounds for 70 gold pieces
 17996 | Swamp:1  | Entered Level 1 of the Swamp
 19345 | Swamp:2  | Reached skill level 17 in Axes
 19772 | Swamp:3  | Entered Level 3 of the Swamp
 19776 | Swamp:3  | Got a smoking platinum ring
 19845 | Swamp:3  | Got a fading flail
 20020 | Swamp:3  | Gained mutation: You have hoof-like feet. [demonic
                  | ancestry]
 20020 | Swamp:3  | Reached XP level 16. HP: 133/133 MP: 16/16
 20388 | Swamp:3  | Identified the ring of Exoejaili {Ice rPois} (You found it
                  | on level 3 of the Swamp)
 20388 | Swamp:3  | Identified the +6 flail of Death's Door {drain, *Rage
                  | Dex+3} (You found it on level 3 of the Swamp)
 20388 | Swamp:3  | Got a decaying rune of Zot
 20766 | Snake:1  | Entered Level 1 of the Snake Pit
 21208 | Snake:1  | Identified the +12 arbalest "Faabedok" {freeze, Fragile
                  | rPois rN+}
 21825 | Snake:1  | Bought a +6 ring of evasion for 837 gold pieces
 22480 | Snake:3  | Entered Level 3 of the Snake Pit
 22561 | Snake:3  | Reached skill level 18 in Axes
 22580 | Snake:3  | Gained mutation: You have claws for hands. [demonic
                  | ancestry]
 22580 | Snake:3  | Reached XP level 17. HP: 119/140 MP: 17/17
 23842 | Snake:3  | Reached skill level 15 in Bows
 24271 | Snake:3  | Reached skill level 15 in Fighting
 24651 | Snake:3  | Got a serpentine rune of Zot
 25023 | Elf:1    | Entered Level 1 of the Elven Halls
 25277 | Elf:1    | Noticed an Ice Fiend
 25453 | Elf:1    | Noticed a Brimstone Fiend
 25475 | Elf:1    | Cast into level 1 of the Abyss (a deep elf demonologist)
 25525 | Abyss:1  | Found a corrupted altar of Lugonu.
 25666 | Abyss:2  | Identified the +8 chain mail of Ru's Approval {-Cast Int+3
                  | Dex+4}
 25757 | Abyss:2  | Reached XP level 18. HP: 59/134 MP: 1/18
 25914 | Elf:1    | Escaped the Abyss
 25955 | Vaults:1 | Entered Level 1 of the Vaults
 26283 | Vaults:1 | Reached skill level 19 in Axes
 26463 | Vaults:1 | Noticed a Brimstone Fiend
 26616 | Vaults:1 | Noticed Zenata
 26625 | Vaults:1 | HP: 3/149 [Zenata/+2 bardiche of protection (10)]
 26626 | Vaults:1 | Slain by a +6 scimitar of holy wrath

Skill      XL: |  1  2  3  4  5  6  7  8  9 10 11 12 13 14 15 16 17 18 |
---------------+-------------------------------------------------------+-----
Axes           | 2 3 4 5 6 7 8 9 11 12 13 16 17 18 19 | 19.1
Armour         | 3 4 5 6 7 8 9 10 11 12 | 12.6
Fighting       | 4 5 7 8 9 11 12 13 14 15 | 15.5
Bows           | 1 4 6 7 9 10 12 13 14 15 16 | 16.0
Shields        | |  2.6

Action                   |  1- 3 |  4- 6 |  7- 9 | 10-12 | 13-15 | 16-18 || total
-------------------------+-------+-------+-------+-------+-------+-------++-------
Melee: War axe           |   123 |    72 |   280 |   106 |       |       ||   581
       Headbutt          |     9 |     9 |    56 |   107 |   161 |   140 ||   482
       Battleaxe         |       |       |       |   282 |   724 |   538 ||  1544
       Kick              |       |       |       |       |   265 |   241 ||   506
 Fire: Longbow           |       |       |       |       |    72 |   150 ||   222
Invok: Call Merchant     |       |       |       |     3 |     7 |     4 ||    14
       Potion Petition   |       |       |       |       |       |     1 ||     1
  Use: Scroll            |     5 |     3 |     6 |    13 |    17 |     5 ||    49
       Potion            |       |       |     2 |     2 |     7 |     3 ||    14
 Stab: Distracted        |       |       |     2 |     5 |    15 |    13 ||    35
  Eat: Chunk             |     6 |     7 |    16 |       |       |       ||    29
       Ration            |       |       |       |     8 |    13 |    10 ||    31
Armor: Scale mail        |    57 |    36 |   111 |   110 |       |       ||   314
       Crystal plate arm |       |       |       |    93 |   484 |   287 ||   864
Dodge: Dodged            |    42 |    35 |   123 |   166 |   378 |   289 ||  1033
